 Dungeon Crawl Stone Soup version 0.28.0-43-g3370ac3207 (webtiles) character file.

Game seed: 6299936366149852031

22463 Cykl0x the Geomancer (level 13, 0/76 HPs)
             Began as a Gargoyle Earth Elementalist on Mar 24, 2022.
             Was a High Priest of Vehumet.
             Slain by Rupert
             ... wielding a +1 battleaxe of flaming
              (1 damage)
             ... on level 13 of the Dungeon.
             The game lasted 00:33:43 (16521 turns).

Cykl0x the Geomancer (Gargoyle Earth Elementalist) Turns: 16521, Time: 00:33:43

Health: 0/76       AC: 22    Str: 15    XL:     13   Next: 0%
Magic:  0/28       EV: 11    Int: 18    God:    Vehumet [*****.]
Gold:   591        SH:  7    Dex: 10    Spells: 16/34 levels left

rFire   + . .      SeeInvis .   R - staff of conjuration
rCold   . . .      Faith    .   P - +0 kite shield
rNeg    + . .      Spirit   .   C - +0 steam dragon scales
rPois   ∞          Reflect  .   D - +1 helmet
rElec   +          Harm     .   j - +1 cloak
rCorr   +          Rampage  .   (no gloves)
Will    .....                   M - +2 pair of boots {Fly}
Stlth   ++........              A - amulet of regeneration
HPRegen 1.02/turn               W - ring of resist corrosion
MPRegen 0.21/turn               N - ring of protection from fire

@: flying
A: sickness immunity, AC +9, negative energy resistance 1, electricity
resistance, torment resistance 1, petrification resistance
a: Renounce Religion


You were on level 13 of the Dungeon.
You worshipped Vehumet.
Vehumet was extremely pleased with you.
You visited 2 branches of the dungeon, and saw 15 of its levels.

You collected 944 gold pieces.
You spent 353 gold pieces at shops.

Inventory:

Hand Weapons
 a - a +1 vampiric whip
 E - the +4 dagger "Morg" {pain, Will+ Int+5}
   (You found it on level 9 of the Dungeon)

   In the hands of one skilled in necromantic magic, it inflicts extra damage on
   living creatures.
   Int:       It affects your intelligence (+5).
   Will:      It increases your willpower.
 J - a +1 dagger of venom
 O - a +0 hand axe
Missiles
 c - 42 stones
Armour
 b - a +0 robe
 f - a scarf of shadows
 j - a +1 cloak (worn)
 o - a +1 ring mail of fire resistance
 u - the +1 robe of Cowardice {rElec Str+2}
   (You found it on level 4 of the Dungeon)

   Str:       It affects your strength (+2).
   rElec:     It insulates you from electricity.
 C - +0 steam dragon scales (worn)
 D - a +1 helmet (worn)
 M - a +2 pair of boots of flying (worn)
 P - a +0 kite shield (worn)
Magical Staves
 R - a staff of conjuration (weapon)
Jewellery
 s - a +4 ring of protection
 x - an amulet of magic regeneration
 A - an amulet of regeneration (around neck)
 N - a ring of protection from fire (right hand)
 T - a ring of protection from cold
 V - an amulet of faith
 W - a ring of resist corrosion (left hand)
Wands
 l - a wand of acid (11)
 p - a wand of digging (4)
 q - a wand of flame (13)
 G - a wand of mindburst (5)
 I - a wand of paralysis (8)
 K - a wand of iceblast (10)
Scrolls
 h - 3 scrolls of immolation
 i - 3 scrolls of enchant weapon
 t - a scroll of vulnerability
 y - 4 scrolls of magic mapping
 H - 2 scrolls of amnesia
 L - a scroll of identify
 Q - a scroll of teleportation
 X - a scroll of brand weapon
 Y - a scroll of blinking
Potions
 d - 7 potions of degeneration
 e - 2 potions of mutation
 g - 3 potions of heal wounds
 k - 6 potions of curing
 n - 2 potions of attraction
 r - 2 potions of haste
 v - 4 potions of berserk rage
 w - 2 potions of resistance
 z - 4 potions of brilliance
 B - 5 potions of might
 F - 2 potions of lignification
 S - a potion of invisibility
 U - a potion of cancellation


   Skills:
 * Level 7.0 Fighting
 + Level 1.5(1.6) Maces & Flails
 + Level 0.4(1.1) Staves
 + Level 1.3 Armour
 + Level 3.7 Dodging
 - Level 2.1 Stealth
 + Level 2.0 Shields
 + Level 11.1 Spellcasting
 * Level 11.8 Conjurations
 - Level 0.7 Transmutations
 + Level 1.8 Air Magic
 + Level 13.0 Earth Magic
 + Level 1.0 Poison Magic
 * Level 3.4 Evocations


You had 16 spell levels left.
You knew the following spells:

 Your Spells              Type           Power      Damage    Failure   Level
a - Sandblast             Erth           100%       2d20      1%          1
b - Stone Arrow           Conj/Erth      100%       3d13      1%          3
c - Poisonous Vapours     Pois/Air       30%        N/A       5%          2
d - Lightning Bolt        Conj/Air       25%        1d41      11%         5
e - Spellforged Servitor  Conj/Summ      23%        N/A       98%         7

Your spell library contained the following spells:

 Spells                   Type           Power      Damage    Failure   Level
 Dazzling Flash           Conj/Hex       92%        N/A       1%          3
 Passwall                 Tmut/Erth      28%        N/A       2%          2
 Iskenderun's Mystic Bla  Conj/Tloc      46%        2d10      5%          4
 Petrify                  Tmut/Erth      34%        N/A       14%         4
 Corpse Rot               Necr/Air       26%        N/A       24%         2
 Airstrike                Air            8%         N/A       28%         4
 Starburst                Conj/Fire      23%        6d8       58%         6
 Summon Lightning Spire   Summ/Air       13%        N/A       85%         4
 Cause Fear               Hex            4%         N/A       93%         4
 Dragon Form              Tmut           6%         N/A       100%        7
 Dragon's Call            Summ           4%         N/A       100%        9


Dungeon Overview and Level Annotations

Branches:
Dungeon (14/15) Temple (1/1) D:5 Lair (0/6) D:9 Orc (0/2) D:11 Vaults (0/5) D:13 D:14

Altars:
Ashenzari
Cheibriados
Dithmenos
Elyvilon
Fedhas
Gozag
Hepliaklqana
Kikubaaqudgha
Makhleb
Nemelex Xobeh
Okawaru
Qazlal
Ru
Sif Muna
Trog
Uskayaw
Vehumet
Wu Jian
Xom
Yredelemnul
Zin
The Shining One
Beogh

Shops:
D:5 =   D:10 **(!*

Portals:
Abyss: D:10

Annotations:
D:8 3 runed translucent doors, UngaStrats's ghost, novice DgFi
D:10 2 transporters, Ablot's ghost, journeyman GnWr
D:13 Rupert
D:14 Nessos


Innate Abilities, Weirdness & Mutations

You are immune to sickness and miasma.
Your stone body is resilient. (AC +9)
You are immune to poison.
You resist negative energy. (rN+)
You are resistant to electric shocks. (rElec)
You are resistant to unholy torment.
You are immune to petrification.


Message History

Aiming: Stone Arrow (safe; 1% risk of failure)
Press: ? - help, Shift-Dir - straight line, f/p - Rupert
Aim: Rupert, wielding a +1 battleaxe of flaming and wearing a +0 chain mail (heavily wounded, berserk, 84% to hit)
You feel a surge of power!
The stone arrow hits Rupert!
Rupert is heavily wounded.
Rupert hits you with a +1 battleaxe of flaming!!!
Casting: Stone Arrow (safe; 1% risk of failure)
Confirm with . or Enter, or press ? or * to list all spells.
Aiming: Stone Arrow (safe; 1% risk of failure)
Press: ? - help, Shift-Dir - straight line, f/p - Rupert
Aim: Rupert, wielding a +1 battleaxe of flaming and wearing a +0 chain mail (heavily wounded, berserk, 84% to hit)
You feel a surge of power!
The stone arrow hits Rupert!
Rupert is heavily wounded.
You block Rupert's attack.
Unknown command.
Casting: Stone Arrow (safe; 1% risk of failure)
Confirm with . or Enter, or press ? or * to list all spells.
Aiming: Stone Arrow (safe; 1% risk of failure)
Press: ? - help, Shift-Dir - straight line, f/p - Rupert
Aim: Rupert, wielding a +1 battleaxe of flaming and wearing a +0 chain mail (heavily wounded, berserk, 84% to hit)
You feel a surge of power!
The stone arrow hits Rupert.
Rupert is heavily wounded.
Rupert hits you with a +1 battleaxe of flaming!!
* * * LOW HITPOINT WARNING * * *
Rupert burns you.
* * * LOW HITPOINT WARNING * * *
You block Rupert's attack.
Unknown command.
Unknown command.
Casting: Stone Arrow (safe; 1% risk of failure)
Confirm with . or Enter, or press ? or * to list all spells.
Aiming: Stone Arrow (safe; 1% risk of failure)
Press: ? - help, Shift-Dir - straight line, f/p - Rupert
Aim: Rupert, wielding a +1 battleaxe of flaming and wearing a +0 chain mail (heavily wounded, berserk, 84% to hit)
You feel a surge of power!
The stone arrow hits Rupert!!
Rupert is severely wounded.
Rupert hits you with a +1 battleaxe of flaming!
* * * LOW HITPOINT WARNING * * *
Rupert burns you.
You die...

....#......#........#)..#.##.....
.##.#......#........#...#........
....#......#........#...######.##
....#......#........#........#.##
....'......#.....#'##........#.##
....#......#.....#...........#.##
.#..#......#.....#...........#.##
.#..#......#.....#...........#.##
.#..#......#....@#...........#.##
.#..#......#....@#...........#.##
.#..#......#.....#...........#.##
....#......'.###.#...........#.##
#####......#.# #.#...........'.##
'..........#.# #.'.##........#.##
#....).....#.# #.#.##........#@##
#..##......#.# #.#.##........#.##
#..##......#.# #.####........#.##


You could see Rupert (berserk).

Vanquished Creatures
  A dire elephant (shapeshifter) (D:13)
  2 boulder beetles
  A hydra (D:13)
  4 two-headed ogres
  Nergalle (D:10)
  4 skeletal warriors
  A deep elf pyromancer (D:12)
  Pikel (D:7)
  2 ugly things (D:13)
  2 cyclopes (D:12)
  A gargoyle (D:11)
  3 unseen horrors
  5 trolls
  A meliai zombie (D:11)
  A wyvern (D:10)
  4 wraiths
  A yak (D:10)
  3 steam dragons
  6 humans (D:13)
  12 vampire mosquitoes
  2 water moccasins
  An acid dragon (D:9)
  3 ice beasts
  Duvessa (D:7)
  5 orc warriors
  A black bear (D:7)
  2 necrophages
  3 boggarts (D:10)
  6 ogres
  2 wolves (D:9)
  A centaur (D:5)
  2 phantoms
  A lemure (D:7)
  Blork the orc (D:4)
  3 bullfrogs
  2 kobold brigands
  2 gnoll sergeants (D:10)
  2 scorpions
  Dowan (D:7)
  6 killer bees (D:8)
  4 wights
  2 electric eels (D:9)
  4 howler monkeys (D:11)
  7 centaur zombies
  6 jellies
  2 bullfrog zombies
  6 orc priests
  8 hounds
  A bullfrog skeleton (D:5)
  A gnoll shaman (D:6)
  An iguana (D:4)
  9 orc wizards
  2 scorpion zombies (D:5)
  A howler monkey skeleton (D:7)
  A howler monkey zombie (D:9)
  7 gnolls
  3 adders
  11 river rats (D:8)
  A shadow imp (D:4)
  A white imp (D:6)
  An ufetubus (D:5)
  An adder skeleton (D:4)
  A worm (D:5)
  4 dart slugs
  38 orcs
  8 bats
  4 endoplasms
  2 giant cockroaches
  6 goblins
  2 hobgoblins
  6 jackals (D:1)
  7 quokkas (D:8)
  10 ball pythons
  12 kobolds
  18 rats
301 creatures vanquished.

Vanquished Creatures (others)
  A wyvern skeleton (D:7)
  A gnoll (D:7)
  3 fungi (D:7)
  3 toadstools (D:7)
8 creatures vanquished.

Grand Total: 309 creatures vanquished

Notes
Turn   | Place    | Note
-------+----------+-------------------------------------------
     0 | D:1      | Cykl0x the Gargoyle Earth Elementalist began the quest for
                  | the Orb.
     0 | D:1      | Reached XP level 1. HP: 10/10 MP: 3/3
   148 | D:1      | Reached XP level 2. HP: 6/15 MP: 0/5
   315 | D:1      | Found a faded altar of an unknown god.
   343 | D:1      | Reached skill level 1 in Conjurations
   502 | D:1      | Reached skill level 4 in Earth Magic
  1432 | D:2      | Reached XP level 3. HP: 18/19 MP: 4/6
  1438 | D:2      | Learned a level 3 spell: Stone Arrow
  3080 | D:3      | Noticed a water moccasin
  3085 | D:3      | Killed a water moccasin
  3086 | D:3      | Reached skill level 5 in Earth Magic
  3086 | D:3      | Reached XP level 4. HP: 24/24 MP: 0/9
  3086 | D:3      | Reached XP level 5. HP: 28/28 MP: 0/10
  3644 | D:4      | Noticed Blork the orc
  3650 | D:4      | Killed Blork the orc
  3651 | D:4      | Reached XP level 6. HP: 32/32 MP: 0/11
  3848 | D:4      | Reached skill level 6 in Earth Magic
  4252 | D:4      | Reached XP level 7. HP: 36/36 MP: 8/13
  4590 | D:4      | Identified the +1 robe of Cowardice {rElec Str+2}
  4752 | D:5      | Entered Level 5 of the Dungeon
  4877 | D:5      | Found Kugehoish's Jewellery Shoppe.
  5112 | D:5      | Found a bloodstained altar of Trog.
  5115 | D:5      | Reached skill level 5 in Spellcasting
  5115 | D:5      | Reached skill level 7 in Earth Magic
  5369 | D:5      | Reached XP level 8. HP: 40/42 MP: 5/15
  5823 | D:5      | Reached skill level 1 in Maces & Flails
  5823 | D:5      | Reached skill level 5 in Conjurations
  6042 | D:5      | Found a staircase to the Ecumenical Temple.
  6077 | Temple   | Entered the Ecumenical Temple
  6191 | Temple   | Became a worshipper of Vehumet
  6720 | D:5      | Found a bloodstained altar of Trog.
  6907 | D:6      | Reached skill level 8 in Earth Magic
  7202 | D:6      | Reached XP level 9. HP: 46/46 MP: 8/18
  7285 | D:6      | Noticed a troll
  7287 | D:6      | Killed a troll
  7545 | D:6      | Reached skill level 9 in Earth Magic
  7933 | D:7      | Reached skill level 1 in Armour
  7986 | D:6      | Reached * piety under Vehumet
  7986 | D:6      | Offered knowledge of Foxfire by Vehumet.
  8234 | D:7      | Noticed Duvessa
  8235 | D:7      | Noticed Dowan
  8240 | D:7      | Killed Duvessa
  8247 | D:7      | Killed Dowan
  8626 | D:7      | Reached XP level 10. HP: 51/51 MP: 18/21
  8738 | D:7      | Noticed Pikel
  8744 | D:7      | Killed Pikel
  8745 | D:7      | Reached skill level 10 in Earth Magic
  9577 | D:8      | Found a runed translucent gate.
  9578 | D:8      | Found a runed translucent gate.
  9579 | D:8      | Found a runed translucent gate.
  9620 | D:8      | Reached ** piety under Vehumet
  9620 | D:8      | Offered knowledge of Freeze by Vehumet.
  9635 | D:8      | Reached skill level 1 in Fighting
  9882 | D:8      | Offered knowledge of Frozen Ramparts by Vehumet.
 10410 | D:8      | Noticed UngaStrats's ghost (novice DgFi)
 10478 | D:9      | Found the +4 dagger "Morg" {pain, Will+ Int+5}
 10567 | D:9      | Reached *** piety under Vehumet
 10568 | D:9      | Noticed a boulder beetle
 10944 | D:9      | Learned a level 2 spell: Poisonous Vapours
 10950 | D:9      | Learned a level 5 spell: Lightning Bolt
 10966 | D:9      | Killed a boulder beetle
 10967 | D:9      | Reached skill level 11 in Earth Magic
 11065 | D:9      | Found a staircase to the Lair.
 11132 | D:9      | Offered knowledge of Sticky Flame by Vehumet.
 11534 | D:10     | Entered Level 10 of the Dungeon
 11534 | D:10     | Found Temau's Antique Weapon Shop.
 11543 | D:10     | Reached XP level 11. HP: 59/59 MP: 9/24
 11678 | D:10     | Noticed a skeletal warrior
 11682 | D:10     | Killed a skeletal warrior
 11683 | D:10     | Reached skill level 1 in Air Magic
 11871 | D:10     | Reached **** piety under Vehumet
 11879 | D:10     | Reached skill level 10 in Conjurations
 11968 | D:10     | Offered knowledge of Iskenderun's Mystic Blast by Vehumet.
 12035 | D:10     | Found Ezoiril's Distillery.
 12039 | D:10     | Found a shadowy altar of Dithmenos.
 12040 | D:10     | Bought a potion of curing for 39 gold pieces
 12040 | D:10     | Bought a potion of heal wounds for 65 gold pieces
 12040 | D:10     | Bought a potion of curing for 39 gold pieces
 12060 | D:10     | Noticed a two-headed ogre
 12066 | D:10     | Killed a two-headed ogre
 12291 | D:10     | Noticed Nergalle
 12306 | D:10     | Killed Nergalle
 12575 | D:10     | Found a transporter.
 12603 | D:10     | Noticed a skeletal warrior
 12609 | D:10     | Noticed a rakshasa
 12748 | D:10     | Found a transporter.
 12781 | D:10     | Found a one-way gate to the infinite horrors of the Abyss.
 12781 | D:10     | Noticed Ablot's ghost (journeyman GnWr)
 12792 | D:10     | Noticed a brown ugly thing
 12819 | D:10     | Found Plog's General Store.
 12835 | D:10     | Reached skill level 5 in Fighting
 12924 | D:10     | Found Vurph's General Store.
 13083 | D:10     | Found Mugitouno's Assorted Antiques.
 13087 | D:10     | Bought a pair of runed boots for 210 gold pieces
 13252 | D:11     | Noticed a two-headed ogre
 13276 | D:11     | Killed a two-headed ogre
 13277 | D:11     | Reached skill level 10 in Spellcasting
 13435 | D:11     | Found a staircase to the Orcish Mines.
 13451 | D:11     | Reached skill level 12 in Earth Magic
 13828 | D:11     | Reached XP level 12. HP: 55/68 MP: 18/26
 14166 | D:12     | Identified a scroll of acquirement
 14166 | D:12     | Acquired a staff of conjuration
 14306 | D:12     | Noticed a two-headed ogre
 14310 | D:12     | Killed a two-headed ogre
 14311 | D:12     | Reached skill level 1 in Shields
 14311 | D:12     | Reached skill level 1 in Evocations
 15183 | D:13     | Noticed a four-headed hydra
 15190 | D:13     | Killed a four-headed hydra
 15374 | D:13     | Identified the +6 halberd "Tomonel" {flame, Str+2}
 15385 | D:13     | Noticed a two-headed ogre
 15389 | D:13     | Killed a two-headed ogre
 15428 | D:13     | Noticed a boulder beetle
 15437 | D:13     | Killed a boulder beetle
 15755 | D:13     | Reached skill level 1 in Poison Magic
 16178 | D:13     | Noticed a dire elephant
 16190 | D:13     | Killed a dire elephant
 16397 | D:14     | Noticed Nessos
 16397 | D:14     | Noticed Rupert
 16397 | D:14     | Found a gate to the Vaults.
 16406 | D:13     | Reached skill level 13 in Earth Magic
 16480 | D:13     | Reached ***** piety under Vehumet
 16480 | D:13     | Offered knowledge of Spellforged Servitor by Vehumet.
 16481 | D:13     | Reached XP level 13. HP: 76/76 MP: 18/28
 16489 | D:13     | Learned a level 7 spell: Spellforged Servitor
 16521 | D:13     | HP: 1/76 [Rupert/+1 battleaxe of flaming (11)]
 16521 | D:13     | Slain by Rupert

Illustrated notes

Levels and vault maps discovered:
D:1:      psy_arrival_radial02, layout_loops_ring, basic_ecumenical_altar,
          chequers_serial_rivers_micro_a, minmay_misc_feat_more_columns,
          hangedman_decor_clover_reticule
D:2:      layout_basic
D:3:      layout_basic
D:4:      minmay_recursive_quarters, layout_rooms, uniq_blork_the_orc
D:5:      layout_gridville, minmay_temple_entry_fiery, serial_shops,
          nicolae_stop_n_shop_1, fountainhead, grunt_ministairs_13,
          hangedman_feature_mirror, hangedman_abyss_or_decor_stagger
D:6:      layout_loops_ring, roderic_malta_cross, st_stairs_2
D:7:      layout_cave_pods, minmay_misc_feat_roman, corexii_leaking_fountain,
          minmay_gold_behind_fungi, st_stairs_11, uniq_duvessa, uniq_pikel
D:8:      lemuel_ratsnest, layout_layer_cave, gammafunk_ghost_spectres,
          kennysheep_nondescript
D:9:      layout_cave_pools, erik_lair_island, mrwooster_statue_mirror
D:10:     minmay_razor_zed, layout_loops_corners,
          mainiacjoe_overflow_small_starburst, gammafunk_ghost_abyssal_escape,
          serial_shops, nicolae_shop_behind_doors, kennysheep_little_box,
          nicolae_shop_waterfront, nicolae_shop_stone, nicolae_stop_n_shop_1,
          uniq_nergalle
D:11:     layout_long_grid, minmay_orc_entry_temple_small
D:12:     layout_basic
D:13:     layout_stronghold
D:14:     nooodl_glass_maze, layout_cave_pools, david_vaults_3,
          chequers_serial_rivers_micro_a
Temple:   mainiacjoe_temple_archimedes_tessellation

Skill      XL: |  1  2  3  4  5  6  7  8  9 10 11 12 |
---------------+-------------------------------------+-----
Conjurations   | 1 2 3 4 6 7 9 10 11 | 11.8
Earth Magic    | 4 5 6 7 8 9 11 12 13 | 13.0
Spellcasting   | 3 4 5 6 7 9 10 11 | 11.1
Dodging        | 2 3 |  3.7
Maces & Flails | 1 |  1.5
Armour         | 1 |  1.3
Fighting       | 2 5 7 |  7.0
Air Magic      | 1 |  1.8
Shields        | 2 |  2.0
Evocations     | 3 |  3.4
Poison Magic   | 1 |  1.0
Staves         | |  0.4
Stealth        | |  2.1
Transmutations | |  0.7

Action                   |  1- 3 |  4- 6 |  7- 9 | 10-12 | 13-15 || total
-------------------------+-------+-------+-------+-------+-------++-------
Melee: Whip              |    25 |    10 |    15 |       |       ||    50
       Dagger            |       |       |       |     8 |       ||     8
       Staff             |       |       |       |    43 |       ||    43
 Cast: Sandblast         |    37 |    21 |    50 |   157 |     3 ||   268
       Stone Arrow       |    14 |    19 |   103 |   205 |     6 ||   347
       Poisonous Vapours |       |       |       |    13 |       ||    13
       Lightning Bolt    |       |       |       |    19 |     1 ||    20
Evoke: Wand              |       |       |       |     8 |       ||     8
  Use: Scroll            |     4 |       |     6 |    17 |       ||    27
       Potion            |       |       |       |     2 |     1 ||     3
Armor: Robe              |    12 |     4 |    14 |       |       ||    30
       Ring mail         |       |       |    12 |       |       ||    12
       Steam dragon scal |       |       |    18 |   161 |       ||   179
Dodge: Dodged            |    29 |     9 |    57 |    75 |       ||   170
Block: Kite shield       |       |       |       |    65 |     2 ||    67
